 Dungeon Crawl Stone Soup version 0.27.1-34-g3ba077fa99 (webtiles) character file.

Game seed: 11091470122749508567

168 raph the Stinger (level 5, -4/28 HPs)
             Began as a Tengu Venom Mage on Jan 2, 2022.
             Slain by a water moccasin (8 damage)
             ... on level 3 of the Dungeon.
             The game lasted 00:06:10 (4732 turns).

raph the Stinger (Tengu Venom Mage)                 Turns: 4732, Time: 00:06:11

Health: -4/28      AC:  2    Str:  8    XL:     5   Next: 48%
Magic:  6/9        EV: 14    Int: 16    God:
Gold:   69         SH:  0    Dex: 15    Spells: 3/9 levels left

rFire    . . .     SeeInvis .   b - +0 rapier
rCold    . . .     Faith    .   (no shield)
rNeg     . . .     Spirit   .   a - +0 robe
rPois    .         Reflect  .   (helmet restricted)
rElec    .         Harm     .   (no cloak)
rCorr    .         Rampage  .   (no gloves)
Will     .....                  (boots unavailable)
Stlth    ++........             (no amulet)
HPRegen  0.09/turn              (no ring)
MPRegen  0.11/turn              (no ring)

@: flying quickly and evasively, quick
A: beak, talons 3, nimble flight
a: no special abilities


You were on level 3 of the Dungeon.
You visited 1 branch of the dungeon, and saw 3 of its levels.

You collected 69 gold pieces.

Inventory:

Hand Weapons
 b - a +0 rapier (weapon)
Missiles
 f - 8 poisoned darts
Armour
 a - a +0 robe (worn)


   Skills:
 - Level 2.1 Dodging
 - Level 2.0 Stealth
 + Level 2.6 Spellcasting
 - Level 0.7 Transmutations
 * Level 5.6 Poison Magic


You had 3 spell levels left.
You knew the following spells:

 Your Spells              Type           Power      Damage    Failure   Level
a - Sting                 Tmut/Pois      48%        1d5       5%          1
b - Poisonous Vapours     Pois/Air       22%        N/A       10%         2
c - Mephitic Cloud        Conj/Pois/Air  8%         N/A       26%         3

Your spell library contained the following spells:

 Spells                   Type           Power      Damage    Failure   Level
 Static Discharge         Conj/Air       2%         N/A       30%         2
 Olgreb's Toxic Radiance  Pois           20%        N/A       19%         4
 Lightning Bolt           Conj/Air       1%         1d12      99%         5
 Maxwell's Capacitive Co  Air            1%         ∞         100%        8


Dungeon Overview and Level Annotations

Branches:
Dungeon (3/15)

Altars:


Innate Abilities, Weirdness & Mutations

You have a beak for a mouth.
You have claws for feet.
Your magical nature lets you fly swiftly and evasively.


Message History

You hit the water moccasin. Your kick misses the water moccasin.
The water moccasin is lightly wounded.
You feel sick. The water moccasin bites you!
Okay, then.
You hit the water moccasin.
The water moccasin is heavily wounded.
You feel sick.
The water moccasin completely misses you.
The water moccasin bites you!
* * * LOW HITPOINT WARNING * * *
You feel better. The water moccasin barely misses you.
As you read the scroll of fear, it crumbles to dust.
You assume a fearsome visage.
The water moccasin looks frightened!
The rat looks frightened!
Cornered, the water moccasin turns to fight!
The water moccasin closely misses you.
It was a potion of magic.
Magic courses through your body. The water moccasin bites you.
* * * LOW HITPOINT WARNING * * *
The water moccasin misses you.
Aiming: Sting (safe; 5% risk of failure)
Press: ? - help, Q - select action, (/) - cycle Shift-Dir - straight line, f/p - water moccasin
Aim: a water moccasin (heavily wounded, very poisoned, 53% to hit)
The sting hits the water moccasin but does no damage.
The water moccasin looks even sicker.
The water moccasin is heavily wounded.
The water moccasin bites you.
* * * LOW HITPOINT WARNING * * *
Aiming: Sting (safe; 5% risk of failure)
Press: ? - help, Q - select action, (/) - cycle Shift-Dir - straight line, f/p - water moccasin
Aim: a water moccasin (heavily wounded, very poisoned, 53% to hit)
The sting misses the water moccasin.
The water moccasin misses you.
Aiming: Sting (safe; 5% risk of failure)
Press: ? - help, Q - select action, (/) - cycle Shift-Dir - straight line, f/p - water moccasin
Aim: a water moccasin (heavily wounded, very poisoned, 53% to hit)
The sting hits the water moccasin.
The water moccasin partially resists.
The water moccasin is severely wounded.
The water moccasin misses you. The water moccasin bites you!
You die...

#......# #.....##.....#
###......# #......#.....#
..'......# #......#.....#
###......# #......#.....#
#......######..........###
#...........#.....#....#
###########.......#....#
#....####....#
#...@S.......#
#.....####.>.....
#...................
#....................
#....................
#....................
#....................
#.............


You could see a water moccasin (very poisoned).

Vanquished Creatures
  A scorpion (D:3)
  A hound skeleton (D:2)
  Robin (D:1)
  3 adders
  A dart slug (D:1)
  2 endoplasms
  3 giant cockroaches
  16 goblins
  8 hobgoblins
  2 jackals (D:1)
  A quokka (D:2)
  6 ball pythons
  2 bats
  4 frilled lizards
  3 kobolds
  2 rats (D:2)
56 creatures vanquished.

Notes
Turn   | Place    | Note
-------+----------+-------------------------------------------
     0 | D:1      | raph the Tengu Venom Mage began the quest for the Orb.
     0 | D:1      | Reached XP level 1. HP: 10/10 MP: 4/4
   292 | D:1      | Reached XP level 2. HP: 13/15 MP: 3/6
   565 | D:1      | Learned a level 2 spell: Poisonous Vapours
  1172 | D:1      | Reached skill level 4 in Poison Magic
  1555 | D:2      | Reached XP level 3. HP: 17/19 MP: 5/7
  1559 | D:2      | Learned a level 3 spell: Mephitic Cloud
  2672 | D:2      | Reached XP level 4. HP: 24/24 MP: 3/8
  3419 | D:2      | Reached skill level 5 in Poison Magic
  3851 | D:2      | Noticed Robin
  4037 | D:1      | Killed Robin
  4514 | D:3      | Noticed a scorpion
  4520 | D:3      | Killed a scorpion
  4521 | D:3      | Gained mutation: Your magical nature lets you fly swiftly
                  | and evasively. [Tengu growth]
  4521 | D:3      | Reached XP level 5. HP: 28/28 MP: 2/9
  4711 | D:3      | Noticed a water moccasin
  4724 | D:3      | HP: 1/28 [water moccasin (7)]
  4732 | D:3      | Slain by a water moccasin

Illustrated notes

Levels and vault maps discovered:
D:1:      wander_arrival_peaceful_grave, layout_loops_ring
D:2:      layout_basic, st_stairs_12, minmay_misc_feat_enclosed, minivault_27,
          uniq_robin
D:3:      layout_basic, vehumet_statue, minmay_misc_feat_square,
          bh_walls_and_bars, uniq_sigmund

Skill      XL: |  1  2  3  4 |
---------------+-------------+-----
Poison Magic   | 4 5 |  5.6
Dodging        | |  2.1
Stealth        | |  2.0
Spellcasting   | |  2.6
Transmutations | |  0.7

Action                   |  1- 3 |  4- 6 || total
-------------------------+-------+-------++-------
Melee: Rapier            |    35 |    18 ||    53
       Kick              |     5 |     5 ||    10
       Peck              |     2 |     1 ||     3
 Cast: Sting             |    35 |    22 ||    57
       Poisonous Vapours |    14 |    22 ||    36
  Use: Scroll            |     1 |     4 ||     5
       Potion            |       |     2 ||     2
 Stab: Sleeping          |       |     1 ||     1
Armor: Robe              |     4 |     3 ||     7
Dodge: Dodged            |    22 |    18 ||    40
